AoeStats
← Boost'Hate John

Black Forest

503357650Analyzed
4v4 RM · 1mo ago on Aug 31, 2026· 43m 2s· 8 players
Game mode
Random Map
Map size
Large (8 player)
Population
200
Speed
Normal
Resources
Standard
Victory
Conquest
Starting age
Dark Age
Ending age
Imperial Age
RankedLock teamsTeams togetherTeam positionsShared explorationLock speedFull tech treeHidden civsTurbo modeCheats
Victory
Defeat
🇹🇼 Persians · Taiwan
2087
+4
🇹🇼 Slavs · Taiwan
2008
+6
🇭🇰 Italians · Hong Kong SAR China
2007
+6
🇹🇼 Britons · Taiwan
1931
+9
🇫🇷 Mongols · France
1901
-11
🇫🇷 Britons · France
1757
-6
🇵🇪 Bengalis · Peru
1744
-6
🇲🇽 Persians · Mexico
1647
-4
hK | Agt. Smith
11:27 Feudal Age
14:50 Castle Age
13:23 Double-Bit Axe
13:22 Horse Collar
23:16 Wheelbarrow
23:57 Bow Saw
24:28 Scale Barding Armor
26:12 Chain Barding Armor
26:10 Husbandry
28:53 Imperial Age
27:28 Forging
27:36 Hand Cart
28:27 Loom
28:35 Cavalier
30:17 Chemistry
29:24 Heavy Plow
30:31 Plate Barding Armor
30:50 Bloodlines
30:14 Savar
34:36 Iron Casting
34:49 Conscription
37:45 Kamandaran
38:17 Capped Ram
38:22 Light Cavalry
38:41 Onager
39:40 Caravan
40:42 Ballistics
40:35 Heavy Scorpion
41:59 Town Watch
CTM | Lelouch
9:49 Feudal Age
10:49 Loom
15:12 Castle Age
13:34 Double-Bit Axe
14:26 Gold Mining
14:50 Horse Collar
18:06 Redemption
19:10 Sanctity
27:32 Fervor
30:27 Wheelbarrow
29:37 Town Watch
30:28 Wheelbarrow
31:49 Hand Cart
35:29 Imperial Age
33:51 Fletching
36:08 Bodkin Arrow
37:49 Gold Shaft Mining
39:19 Stone Mining
39:53 Bracer
39:49 Elite Skirmisher
40:28 Guard Tower
Boost'Hate John
9:12 Feudal Age
12:50 Castle Age
10:40 Double-Bit Axe
12:00 Horse Collar
12:09 Horse Collar
22:28 Wheelbarrow
22:22 Bow Saw
23:08 Heavy Plow
24:05 Gold Mining
25:00 Hand Cart
29:54 Imperial Age
27:54 Fletching
28:26 Ballistics
28:43 Gold Shaft Mining
28:00 Stone Mining
28:34 Bodkin Arrow
30:22 Bloodlines
30:12 Husbandry
30:49 Stone Shaft Mining
30:16 Padded Archer Armor
30:41 Bracer
31:42 Chemistry
30:30 Onager
31:17 Siege Engineers
32:18 Conscription
32:19 Leather Archer Armor
32:11 Thumb Ring
33:01 Conscription
33:53 Parthian Tactics
33:30 Elite Mangudai
35:51 Fortified Wall
39:14 Coinage
38:22 Siege Onager
39:36 Siege Onager
40:43 Drill
41:49 Masonry
42:46 Caravan
scorpion145
4:57 Loom
6:43 Loom
9:30 Feudal Age
10:26 Double-Bit Axe
10:23 Horse Collar
21:48 Castle Age
23:23 Bow Saw
23:15 Gold Mining
23:27 Heavy Plow
23:36 Fletching
25:25 Bodkin Arrow
32:15 Gold Shaft Mining
35:11 Imperial Age
34:24 Wheelbarrow
33:23 Pikeman
34:04 Squires
36:15 Sanctity
41:12 Two-Man Saw
40:35 Hand Cart
42:38 Hand Cart
42:18 Stone Mining
43:10 Caravan
[TNT] RT_ego
10:51 Feudal Age
14:22 Castle Age
12:36 Double-Bit Axe
12:32 Horse Collar
13:24 Gold Mining
15:26 Bow Saw
25:30 Heavy Plow
26:10 Wheelbarrow
26:27 Stone Mining
30:17 Imperial Age
27:34 Loom
27:35 Town Watch
29:13 Scale Mail Armor
29:23 Forging
29:13 Scale Mail Armor
30:04 Pikeman
30:45 Squires
31:00 Chain Mail Armor
31:20 Iron Casting
30:49 Halberdier
31:47 Masonry
32:54 Plate Mail Armor
33:14 Fletching
34:00 Siege Engineers
33:21 Capped Ram
35:05 Blast Furnace
35:16 Two-Man Saw
35:30 Conscription
35:11 Druzhina
37:34 Caravan
37:07 Siege Ram
41:50 Coinage
42:19 Bodkin Arrow
42:45 Ballistics
43:26 Chemistry
42:32 Detinets
Nezzar
8:15 Feudal Age
8:56 Double-Bit Axe
11:08 Loom
15:03 Fletching
21:23 Castle Age
19:45 Gold Mining
20:38 Stone Mining
20:38 Horse Collar
22:17 Bodkin Arrow
21:42 Crossbowman
23:31 Wheelbarrow
23:12 Bow Saw
23:45 Town Watch
25:03 Heavy Plow
26:22 Redemption
34:22 Imperial Age
33:51 Hand Cart
36:53 Chemistry
36:35 Conscription
36:52 Caravan
37:18 Scale Mail Armor
37:18 Padded Archer Armor
37:42 Scale Mail Armor
37:44 Bracer
38:10 Block Printing
39:58 Ballistics
39:39 Padded Archer Armor
41:20 Onager
Rayz
10:50 Feudal Age
11:29 Double-Bit Axe
11:25 Horse Collar
14:17 Castle Age
15:23 Bow Saw
15:18 Heavy Plow
16:02 Wheelbarrow
25:08 Gold Mining
25:10 Stone Mining
26:32 Hand Cart
27:33 Gold Shaft Mining
27:35 Stone Shaft Mining
30:00 Imperial Age
27:52 Scale Barding Armor
27:34 Loom
29:01 Chain Barding Armor
29:39 Forging
30:29 Guilds
30:52 Crop Rotation
31:33 Two-Man Saw
29:55 Elite War Elephant
30:56 Conscription
31:28 Bloodlines
31:19 Husbandry
32:47 Iron Casting
33:21 Plate Barding Armor
34:33 Caravan
35:43 Blast Furnace
35:51 Devotion
37:03 Faith
老天鵝
6:33 Loom
8:56 Feudal Age
16:47 Town Watch
19:36 Castle Age
17:55 Gold Mining
18:25 Fletching
18:33 Horse Collar
18:41 Double-Bit Axe
20:25 Bodkin Arrow
19:54 Crossbowman
24:47 Wheelbarrow
25:54 Ballistics
33:01 Gold Shaft Mining
32:10 Horse Collar
32:41 Bow Saw
37:33 Imperial Age
38:02 Stone Mining
38:50 Gold Shaft Mining
38:17 Bracer
39:22 Chemistry
38:29 Arbalester
40:29 Caravan
41:17 Conscription
41:35 Yeomen
41:31 Padded Archer Armor
42:27 Hand Cart
42:31 Treadmill Crane
43:14 Guilds
Connection lost

Rejoining the realm…

Still unreachable

The connection could not be restored.

Session expired

The server has moved on; the page needs a fresh start.